 Dungeon Crawl Stone Soup version 0.27-a0-1612-gde56a17b89 (webtiles) character file.

Game seed: 528144166090691287

4 lunkers the Sneak (level 1, -6/17 HPs)
             Began as a Vampire Delver on July 21, 2021.
             Asphyxiated
             ... on level 4 of the Dungeon.
             The game lasted 00:00:40 (141 turns).

lunkers the Sneak (Vampire Delver)                   Turns: 141, Time: 00:00:41

Health: -6/17      AC:  3    Str: 11    XL:     1   Next: 50%
Magic:  1/1        EV: 12    Int: 12    God:
Gold:   0          SH:  0    Dex: 15    Spells: 0/0 levels left

rFire    . . .     SeeInvis +   a - +0 short sword
rCold    . . .     Faith    .   (no shield)
rNeg     . . .     Spirit   .   b - +0 leather armour
rPois    .         Reflect  .   (no helmet)
rElec    .         Harm     .   (no cloak)
rCorr    .         Rampage  .   (no gloves)
Will     .....                  (no boots)
Stlth    +++.......             (no amulet)
HPRegen  0.25/turn              (no ring)
MPRegen  0.07/turn              (no ring)

@: lethally poisoned (-6 -> -24), healing quickly, slowed, very slow
A: alive, fangs 3, see invisible, vampiric 1
a: Exsanguinate


You were on level 4 of the Dungeon.
You visited 1 branch of the dungeon, and saw 2 of its levels.

Inventory:

Hand Weapons
 a - a +0 short sword (weapon)
Armour
 b - a +0 leather armour (worn)
Wands
 g - a wand of digging (3)
 h - a wand of iceblast (6) (quivered)
Scrolls
 c - a scroll of fog
 d - a scroll of magic mapping
 e - a scroll of fear
Potions
 f - a potion of haste


   Skills:
 - Level 2.6 Fighting
 * Level 2.5 Short Blades
 - Level 2.1 Dodging
 + Level 7.3 Stealth


You couldn't memorise any spells.
You didn't know any spells.
Your spell library was empty.

Dungeon Overview and Level Annotations

Branches:
Dungeon (5/15)
 Temple: D:4-7

Altars:


Innate Abilities, Weirdness & Mutations

Your natural rate of healing is accelerated.
You have razor-sharp teeth.
You have supernaturally acute eyesight. (SInv)
You are afflicted with vampirism.


Message History

A giant cockroach, a kobold brigand and an orc wizard come into view.
The kobold brigand is wielding a +0 dagger and quivering curare-tipped darts.
Found a ring mail.
The kobold brigand shouts!
A howler monkey skeleton comes into view.
There are monsters nearby!
The kobold brigand throws a curare-tipped dart.
The curare-tipped dart hits you.
You are poisoned.
You have difficulty breathing.
* * * LOW HITPOINT WARNING * * *
You feel yourself slow down.
Unknown command.
That's the wrong kind of item! (Use * to select it.) Evoke which item? (* to show all) (? for menu, Esc to quit)
Okay, then.
Aiming: Iceblast
Press: ? - help, Shift-Dir - straight line, f - kobold brigand
Aim: a kobold brigand, wielding a +0 dagger and quivering curare-tipped darts The mass of ice explodes!
The iceblast engulfs the kobold brigand!
The kobold brigand is moderately wounded.
* * * LOW HITPOINT WARNING * * *
You feel very sick.
Aiming: Iceblast
Press: ? - help, Shift-Dir - straight line, f/p - kobold brigand
Aim: a kobold brigand, wielding a +0 dagger and quivering curare-tipped darts (moderately wounded)
The mass of ice explodes!
The iceblast engulfs the kobold brigand!
The kobold brigand is severely wounded.
* * * LOW HITPOINT WARNING * * *
You feel sick.
The kobold brigand throws a curare-tipped dart.
The curare-tipped dart closely misses you.
The kobold brigand throws a curare-tipped dart.
The curare-tipped dart hits you.
You are more poisoned.
You have difficulty breathing.
Ouch! That really hurt!
You die...

#.. .#... #.#
###o###...# #.#
..........# #.#
..........# #.#
..........# #.#
).......#.# #K#
...!....#.## #.#
........#.#. #@#
#>.... ##.## ###.#.
#...# #.#. #...# #.#.
#...# .#.#.#. ###...#
........ #.....#
..#.#.#. #.#####
.....
#.###################


You could see a kobold brigand.

Vanquished Creatures
  A dart slug (D:4)
  An endoplasm (D:4)
2 creatures vanquished.

Notes
Turn   | Place    | Note
-------+----------+-------------------------------------------
     0 | D:5      | lunkers the Vampire Delver began the quest for the Orb.
     0 | D:5      | Reached XP level 1. HP: 17/17 MP: 1/1
    13 | D:5      | Noticed an orc priest
    13 | D:5      | Noticed an orc wizard
    13 | D:5      | Noticed an orc wizard
    19 | D:5      | Noticed an iguana
    46 | D:4      | Noticed an orc wizard
   133 | D:4      | Noticed an orc wizard
   133 | D:4      | Noticed a kobold brigand
   141 | D:4      | Asphyxiated

Illustrated notes

Levels and vault maps discovered:
D:4:      layout_basic, minmay_manual_mail
D:5:      layout_gridville, due_unseen_surprise

Action                   || total
-------------------------++-------
Melee: Short sword       ||     5
Evoke: Wand              ||     2
 Stab: Sleeping          ||     1
Armor: Leather armour    ||     1
Dodge: Dodged            ||     1

Table legend: (Time is in decaauts)
 A = Elapsed time spent in this place.
 B = Non-inter-level travel time spent in this place.
 C = Inter-level travel time spent in this place.
 D = Time resting spent in this place.
 E = Time spent auto-exploring this place.
 F = Levels seen in this place.
 G = Mean time per level.
                   A        B        C        D        E       F      G
               +--------+--------+--------+--------+--------+-----+--------+
         Total |    141 |    141 |      0 |      0 |     83 |   2 |   70.5 |
       Dungeon |    141 |    141 |      0 |      0 |     83 |   2 |   70.5 |
               +--------+--------+--------+--------+--------+-----+--------+

Top non-repeatable levels by time:
     D:4: 95 daAuts
     D:5: 46 daAuts
